Map: 10000 Feet LE

Players

Kan - Winner!

  • Race: Zerg Zerg
  • League: Diamond
  • Spawn Location: 5:00

A.I. 1 (Medium)

  • Race: Terran Terran
  • Spawn Location: 11:00

VOD

Have the link to the VOD?

Description

Time

  • Played on: May 25, 2026, 2:09 p.m.
  • Length: 10:46
Show
View Real Time Build Order
Export as new Build Order

Kan Zerg - Winner!

Build Orders: Hatch First 

Get SALT Encoding   

  12  0:00  Drone  
  13  0:07  Drone  
  14  0:14  Extractor  
  14  0:15  Drone  
  15  0:22  Overlord  
  15  0:42  Drone  
  16  0:46  Hatchery  
  15  0:51  Drone  
  15  0:55  Drone  
  15  0:56  Drone  
  18  1:10  Extractor  
  17  1:14  Spawning Pool  
  17  1:15  Drone  
  17  1:19  Drone  
  18  1:29  Drone  
  19  1:42  Drone  
  20  1:54  Drone  
  21  2:00  Queen x2  
  25  2:02  Zergling x4  
  27  2:13  Drone, Overlord  
  28  2:31  Metabolic Boost  
  28  2:33  Drone x4  
  32  2:40  Hatchery  
  31  2:46  Queen  
  31  2:51  Overlord  
  33  2:53  Drone  
  33  2:58  Drone x2  
  36  3:15  Drone x3  
  36  3:16  Overlord  
  36  3:19  Drone  
  40  3:21  Overlord  
  40  3:22  Queen  
  42  3:30  Drone  
  42  3:31  Drone  
  46  3:34  Drone x4, Extractor  
  48  3:44  Zergling x8  
  52  3:59  Drone  
  52  4:00  Drone x5  
  52  4:02  Queen  
  59  4:03  Queen  
  61  4:26  Lair  
  61  4:27  Baneling Nest  
  60  4:32  Extractor, Drone x6  
  60  4:33  Spore Crawler  
  60  4:35  Overlord x2  
  60  4:36  Overlord  
  64  4:53  Queen x2  
  68  5:12  Drone  
  68  5:13  Drone x12  
  68  5:14  Extractor x2, Drone x2  
  81  5:19  Overlord x3  
  81  5:26  Hatchery  
  80  5:30  Drone  
  80  5:31  Overlord  
  81  5:41  Evolution Chamber  
  80  5:43  Evolution Chamber  
  80  5:48  Drone  
  80  5:49  Drone x3  
  84  5:50  Drone x2  
  85  5:58  Zergling x2  
  85  5:59  Zergling x10  
  85  6:02  Baneling  
  85  6:03  Baneling x3  
  85  6:04  Centrifugal Hooks, Overseer  
  91  6:07  Zerg Ground Armor Level 1  
  91  6:09  Zergling x2  
  91  6:10  Zergling x8  
  96  6:24  Spore Crawler, Drone  
  96  6:31  Zergling x14  
  103  6:39  Infestation Pit  
  102  6:42  Drone  
  102  6:43  Drone x3  
  102  6:46  Extractor  
  105  6:50  Drone  
  105  6:51  Drone x2  
  108  6:58  Zergling x2  
  108  6:59  Zergling x8  
  113  7:02  Zerg Melee Weapons Level 1  
  113  7:04  Zergling x2  
  113  7:05  Zergling x2  
  113  7:07  Drone  
  113  7:08  Drone x2, Hatchery  
  117  7:09  Hatchery  
  117  7:12  Drone x3  
  119  7:17  Overlord x4  
  119  7:21  Overlord x3  
  119  7:24  Hive  
  119  7:33  Spore Crawler  
  118  7:38  Drone x3  
  118  7:39  Drone x4  
  118  7:40  Drone  
  126  7:53  Zergling x26  
  126  7:54  Zergling x2  
  140  7:58  Zergling x2  
  140  8:01  Hatchery  
  140  8:17  Zergling x6  
  140  8:18  Zergling x18  
  152  8:24  Zerg Ground Armor Level 2  
  152  8:32  Zergling x2  
  152  8:33  Zergling x24  
  165  8:35  Drone x2  
  165  8:37  Adrenal Glands  
  167  8:43  Zergling x8, Ultralisk Cavern  
  167  8:44  Zergling x6  
  173  8:49  Overlord x3  
  173  8:50  Zergling x8  
  173  8:53  Baneling  
  173  8:54  Baneling x7  
  177  8:58  Baneling x5  
  178  9:02  Zergling x2  
  178  9:03  Zergling x2  
  178  9:08  Zergling x2  
  178  9:09  Zergling x24  
  192  9:14  Zergling x2  
  192  9:15  Zergling x12  
  197  9:59  Ultralisk  
Show
View Real Time Build Order
Export as new Build Order

A.I. 1 (Medium) Terran 

Build Orders: 2 Factory 

Get SALT Encoding   

  12  0:00  SCV  
  13  0:13  SCV  
  14  0:18  Supply Depot  
  14  0:25  SCV  
  15  0:39  SCV  
  16  0:44  Barracks  
  16  0:51  SCV  
  17  1:04  SCV  
  18  1:16  Command Center  
  18  1:31  Orbital Command  
  18  1:32  Marine  
  19  1:36  Supply Depot  
  19  1:44  Refinery  
  19  1:50  Marine  
  20  1:58  SCV  
  20  1:59  Barracks  
  21  2:07  Refinery  
  21  2:10  SCV  
  22  2:17  Marine  
  23  2:23  SCV  
  23  2:29  Supply Depot  
  24  2:35  SCV  
  24  2:37  Barracks Tech Lab  
  25  2:50  Refinery, Reaper  
  26  2:52  SCV  
  26  2:57  SCV  
  28  3:06  Marauder  
  28  3:12  SCV, Factory  
  31  3:24  Barracks Tech Lab  
  31  3:25  Factory  
  31  3:28  Marauder  
  33  3:39  Refinery  
  33  3:42  Marine  
  34  3:52  SCV  
  36  3:55  SCV  
  36  3:57  Factory Tech Lab  
  36  3:58  Reaper  
  37  4:05  SCV  
  37  4:07  SCV  
  37  4:09  Factory Tech Lab  
  39  4:13  Marine  
  39  4:17  SCV  
  41  4:23  Supply Depot  
  41  4:24  SCV  
  41  4:29  SCV, Siege Tank  
  46  4:36  SCV  
  47  4:44  SCV  
  47  4:45  Marine  
  49  4:49  SCV, Supply Depot  
  50  4:56  SCV  
  51  5:01  SCV, Widow Mine  
  54  5:08  SCV  
  54  5:12  Supply Depot  
  54  5:13  SCV  
  56  5:16  Marine  
  56  5:21  SCV  
  58  5:25  SCV  
  58  5:26  Starport  
  59  5:32  Marine  
  59  5:34  SCV  
  61  5:38  SCV  
  61  5:39  Supply Depot  
  62  5:46  SCV  
  62  5:48  Reaper  
  64  5:50  SCV  
  64  5:51  Engineering Bay  
  65  5:58  SCV  
  65  6:02  Starport Tech Lab, SCV  
  65  6:04  Siege Tank, Supply Depot  
  70  6:10  SCV  
  71  6:14  SCV  
  71  6:18  Missile Turret  
  72  6:19  Missile Turret  
  72  6:20  Widow Mine, Missile Turret  
  72  6:21  Raven  
  72  6:22  SCV  
  77  6:25  Sensor Tower  
  77  6:26  SCV  
  77  6:27  Missile Turret  
  77  6:29  Armory  
  78  6:34  Barracks, SCV  
  78  6:35  Reaper  
  78  6:39  Supply Depot  
  80  6:44  Bunker  
  80  6:52  Bunker  
  80  6:55  Raven  
  82  7:22  Barracks Reactor  
  82  7:29  Viking  
  84  9:40  Command Center  
  84  9:49  Viking  
  83  9:54  Supply Depot  
  83  9:55  Reaper  
  83  9:58  Starport  
  68  10:00  Reaper, Ghost Academy  
  68  10:04  Engineering Bay  
  68  10:05  Reaper  
  61  10:10  Reaper  
  61  10:11  SCV  
  45  10:17  Hellion  
  42  10:23  SCV  
  42  10:27  Marine  
Tags
 
Add a new tag
Caveats
  • Supply blocks, unpowered buildings, or Contaminate may cause inaccurate times.
  • Supply counts are checked every 10 seconds.